 Dungeon Crawl Stone Soup version 0.29.1-15-g9cfb28693d (webtiles) character file.

Game seed: 15070848181128132525

31 HakonGodeson the Sneak (level 3, -7/30 HPs)
             Began as a Hill Orc Brigand on Apr 29, 2023.
             Was an Initiate of Beogh.
             Mangled by an iguana (9 damage)
             ... on level 4 of the Dungeon.
             The game lasted 00:04:20 (1054 turns).

HakonGodeson the Sneak (Hill Orc Brigand)           Turns: 1054, Time: 00:04:21

Health: -7/30      AC:  3    Str: 10 (13) XL:     3   Next: 22%
Magic:  3/3        EV: 11    Int: 18 (19) God:    Beogh [......]
Gold:   46         SH:  0    Dex:  9 (12) Spells: 2/2 levels left

rFire   . . .      SeeInvis .   a - +2 dagger
rCold   . . .      Faith    .   (no shield)
rNeg    . . .      Spirit   .   b - +0 robe
rPois   .          Reflect  .   (no helmet)
rElec   .          Harm     .   c - +0 cloak
rCorr   .          Rampage  .   (no gloves)
Will    .....                   (no boots)
Stlth   ++........              (no amulet)
HPRegen 0.10/turn               g - +6 ring of intelligence
MPRegen 0.08/turn               (no ring)

@: no status effects
A: no striking features
a: Renounce Religion


You were on level 4 of the Dungeon.
You worshipped Beogh.
Beogh was noncommittal.
You visited 1 branch of the dungeon, and saw 4 of its levels.

You collected 46 gold pieces.

Inventory:

Hand Weapons
 a - a +2 dagger (weapon)
Missiles
 d - 5 poisoned darts (quivered)
 e - 3 curare-tipped darts
Armour
 b - a +0 robe (worn)
 c - a +0 cloak (worn)
Jewellery
 g - a +6 ring of intelligence (left hand)
Scrolls
 h - a scroll of butterflies


   Skills:
 * Level 2.6 Fighting
 * Level 2.1 Short Blades
 * Level 2.0 Throwing
 * Level 0.5 Armour
 * Level 0.9 Dodging
 * Level 3.7 Stealth
 * Level 0.2 Spellcasting


You had 2 spell levels left.
You didn't know any spells.
Your spell library contained the following spells:

 Spells                   Type           Power      Damage    Failure   Level
 Portal Projectile        Hex/Tloc       0%         N/A       54%         3
 Tukima's Dance           Hex            0%         N/A       54%         3
 Blade Hands              Tmut           0%         N/A       99%         5


Dungeon Overview and Level Annotations

Branches:
Dungeon (4/15)
 Temple: D:4-7

Altars:
Gozag
Xom

Shops:
D:2 (


Message History

You feel better. The adder barely misses you.
It was a potion of magic.
Magic courses through your body. The adder barely misses you.
The adder misses you.
It was a potion of degeneration.
There was something very wrong with that liquid.
You feel weakened.
You feel dopey.
You feel clumsy. The adder closely misses you.
Okay, then.
You hit the adder.
The adder is moderately wounded.
The adder misses you.
You hit the adder but do no damage.
The adder is moderately wounded.
The adder barely misses you. The iguana barely misses you.
You hit the adder.
The adder is moderately wounded.
The adder bites you but does no damage. The iguana bites you.
* * * LOW HITPOINT WARNING * * *
You closely miss the adder.
The adder is moderately wounded.
The adder bites you.
* * * LOW HITPOINT WARNING * * *
The iguana bites you but does no damage.
The adder bites you.
* * * LOW HITPOINT WARNING * * *
Okay, then.
You hit the adder.
The adder is heavily wounded.
The quokka twitches its whiskers.
The adder bites you.
* * * LOW HITPOINT WARNING * * *
Unknown command.
You closely miss the adder.
The adder is heavily wounded.
The iguana bites you but does no damage.
The adder bites you but does no damage.
You hit the adder but do no damage.
The adder is heavily wounded.
The iguana bites you!
You die...

### #.# .#. #.# .'. ##
###.# .#. ..###rl.# .#.
#...#.#@# ##. #....#S# .
#.....r# ###
#......###.... #
#...........$. ########
##.......###...
...##..###...)...###....
##......##...##.........
......#.<.....#..#......


You could see an iguana, an adder and 2 quokkas.

Vanquished Creatures
  An adder (D:3)
  A dart slug (D:3)
  An orc (D:4)
  2 endoplasms (D:1)
  A giant cockroach (D:1)
  2 goblins (D:1)
  2 hobgoblins (D:2)
  2 jackals
  A quokka (D:1)
  2 ball pythons (D:3)
  A frilled lizard (D:1)
  A kobold (D:2)
  2 rats (D:3)
19 creatures vanquished.

Vanquished Creatures (others)
  An orc (D:4)
  A kobold (D:4)
2 creatures vanquished.

Grand Total: 21 creatures vanquished

Notes
Turn   | Place    | Note
-------+----------+-------------------------------------------
     0 | D:1      | HakonGodeson the Hill Orc Brigand began the quest for the
                  | Orb.
     0 | D:1      | Reached XP level 1. HP: 18/18 MP: 1/1
   321 | D:1      | Reached XP level 2. HP: 19/25 MP: 2/2
   559 | D:2      | Found Kiuwno's Antique Weapon Shoppe.
   691 | D:3      | Reached XP level 3. HP: 5/30 MP: 3/3
   855 | D:4      | Became a worshipper of Beogh the Brigand
   996 | D:4      | Found an opulent altar of Gozag.
  1029 | D:4      | Found a shimmering altar of Xom.
  1043 | D:4      | HP: 1/30 [quokka (4)]
  1052 | D:4      | HP: 1/30 [adder (2)]
  1054 | D:4      | Mangled by an iguana

Illustrated notes

Levels and vault maps discovered:
D:1:      ncdulo_watergridlock, layout_loops_ring, basic_ecumenical_altar,
          fountainhead, supply_closet_lemuel
D:2:      layout_loops_ring, serial_shops, shop, uniq_terence, uniq_natasha
D:3:      layout_rooms, hangedman_decor_riveting, dk_noncrumbling_3,
          minmay_misc_feat_roman
D:4:      minmay_diamond_boxcup, layout_rooms,
          mainiacjoe_overflow_six_doors_small, amcnicky_altar_gilded,
          lemuel_doored_altar, minmay_temple_entry_stoned_glass,
          minmay_fractal_squares_diagonal_5

Skill      XL: |  1  2 |
---------------+-------+-----
Throwing       | 2 |  2.0
Fighting       | |  2.6
Short Blades   | |  2.1
Armour         | |  0.5
Dodging        | |  0.9
Stealth        | |  3.7
Spellcasting   | |  0.2

Action                   || total
-------------------------++-------
Melee: Dagger            ||    54
Throw: Dart              ||    19
Invok: Convert to Beogh  ||     1
  Use: Scroll            ||     3
       Potion            ||     6
 Stab: Sleeping          ||     3
Armor: Robe              ||    28
Dodge: Dodged            ||    49
